 Dungeon Crawl Stone Soup version 0.31-a0-1272-g9f703e4c1d (webtiles) character file.

Game seed: 4105802439916307856

58 joopi the Trooper (level 4, -2/73 HPs)
             Began as an Ogre Berserker on Dec 17, 2023.
             Was an Initiate of Vehumet.
             Slain by a polar bear (4 damage)
             ... created by the rage of Trog
             ... on level 3 of the Dungeon.
             The game lasted 00:23:09 (1741 turns).

joopi the Trooper (Ogre Berserker)                  Turns: 1741, Time: 00:23:10

Health: -2/73      AC:  4    Str: 20 (23) XL:     4   Next: 1%
Magic:  4/4        EV: 10    Int:  8      God:    Vehumet [......]
Gold:   118        SH:  0    Dex:  8      Spells: 2/3 levels left

rFire   . . .        a - +0 mace
rCold   . . .        (no shield)
rNeg    . . .        b - +0 animal skin
rPois   .            (helmet restricted)
rElec   .            g - +0 cloak
rCorr   .            (gloves unavailable)
SInv    .            (boots unavailable)
Will    ++...        (no amulet) Stlth
                     h - ring of willpower
HPRegen 0.32/turn    (no ring)
MPRegen 0.09/turn

%: no passive effects
@: berserking, enlightened, flying, very quick
A: large, unfitting armour, tough skin 1
a: Renounce Religion


You were on level 3 of the Dungeon.
You worshipped Vehumet.
Vehumet was noncommittal.
You visited 1 branch of the dungeon, and saw 3 of its levels.

You collected 118 gold pieces.

Inventory:

Hand Weapons
 a - a +0 mace (weapon)
 c - a +1 dagger of flaming
 e - a +0 whip
Missiles
 d - 5 poisoned darts (quivered)
 f - 26 stones
 l - 11 boomerangs
Armour
 b - a +0 animal skin (worn)
 g - a +0 cloak (worn)
Jewellery
 h - a ring of willpower (left hand)
Scrolls
 j - a scroll of enchant armour
 o - a scroll of identify
Potions
 k - a potion of berserk rage
 m - 3 potions of curing {unknown}
 n - a potion of magic


   Skills:
 + Level 4.6 Fighting
 + Level 3.6 Maces & Flails
 + Level 3.1 Dodging


You had 2 spell levels left.
You knew the following spells:

 Your Spells              Type           Power      Damage    Failure   Level
a - Summon Small Mammal   Summ           0%         N/A       41%         1

Your spell library contained the following spells:

 Spells                   Type           Power      Damage    Failure   Level
 Apportation              Tloc           0%         N/A       41%         1
 Necrotise                Necr           0%         1d4       41%         1
 Vampiric Draining        Necr           0%         2d6       78%         3
 Agony                    Necr           0%         N/A       100%        5


Dungeon Overview and Level Annotations

Branches:
Dungeon (3/15)

Altars:
Vehumet


Innate Abilities, Weirdness & Mutations

You are too large for most types of armour.
You have tough skin. (AC +1)


Message History

The orc is severely wounded.
The orc hits you but does no damage.
You sock the orc!
You kill the orc!
Vehumet accepts your kill.
You have reached level 4!
Unknown command.
Things that are here:
a +0 dagger; an orc corpse
h - a ring of willpower
There are no items here.
You are too injured to fight recklessly!
h - a ring of willpower (left hand)
Things that are here:
a +0 dagger; an orc corpse You start resting.
You feel a little less mighty now.
You start resting.
Trog sends monsters to punish you. 4 polar bears come into view.
There are monsters nearby!
It was a potion of enlightenment.
You feel very buoyant.
You fly up into the air.
It was a potion of magic.
Magic courses through your body. The polar bear barely misses you.
The polar bear claws you. x2
The polar bear bites you!!
Ouch! That really hurt!
The polar bear closely misses you.
The polar bear claws you but does no damage.
It was a potion of berserk rage.
A red film seems to cover your vision as you go berserk!
You feel yourself moving faster!
You feel mighty! The polar bear barely misses you.
The polar bear claws you but does no damage. x2
The polar bear barely misses you. x2; The polar bear misses you.
The polar bear bites you!!
* * * LOW HITPOINT WARNING * * *
The polar bear claws you.
You die...

**** ######### *,,,
*****#.......# *,,, *****
*,,,*#.......# *,,, *,,,*
*,,,*#.......###****,,, *,,,*
***,,,##.......#..,,,**** *,,,*
*,,,,,+........#.#**,* *,,,*
*,*,,,#....)...#.# *,* *,,,*
*,*,,,#h@..)...#.# *,*
*,,,***,*,,,#hhh.###.#.###[###*
*,,,,,,,+...'.................,
***,***,#...###.######.###.##**
*,***,#...,,#.#....#.# *,****
*>,,,....,,,....#..#.# *,,,,,
*****.#.*,,.#.#..#.#.# *****,
*,#.**,,#.#......#######+
*******,*,**,,*,###...........,


You could see 4 polar bears.

Vanquished Creatures
  An adder (D:2)
  3 dart slugs
  4 orcs (D:3)
  2 endoplasms
  A giant cockroach (D:3)
  3 goblins
  7 hobgoblins
  3 jackals (D:1)
  A quokka (D:2)
  2 ball pythons
  2 bats
  A kobold (D:1)
  6 rats
36 creatures vanquished.

Notes
Turn   | Place    | Note
-------+----------+-------------------------------------------
     0 | D:1      | joopi the Ogre Berserker began the quest for the Orb.
     0 | D:1      | Reached XP level 1. HP: 24/24 MP: 1/1
    29 | D:1      | Found a faded altar of an unknown god.
    53 | D:1      | Reached XP level 2. HP: 29/32 MP: 2/2
   931 | D:2      | Reached XP level 3. HP: 33/37 MP: 3/3
   942 | D:2      | Found a radiant altar of Vehumet.
  1064 | D:2      | Fell from the grace of Trog
  1064 | D:2      | Became a worshipper of Vehumet
  1156 | D:2      | Learned a level 1 spell: Summon Small Mammal
  1637 | D:3      | Reached XP level 4. HP: 18/49 MP: 4/4
  1739 | D:3      | Noticed a polar bear
  1739 | D:3      | Noticed a polar bear
  1739 | D:3      | Noticed a polar bear
  1739 | D:3      | Noticed a polar bear
  1741 | D:3      | HP: 2/73 [polar bear[the rage of Trog] (24)]
  1741 | D:3      | Slain by a polar bear

Illustrated notes

Levels and vault maps discovered:
D:1:      saegor_arrival_simple_c, layout_loops_ring,
          shapermc_ecumenical_altar_venn, st_stairs_8, chequers_jeans,
          supply_closet_lemuel, nicolae_houndstooth_variations
D:2:      layout_basic, basic_altar
D:3:      layout_basic, grunt_decor_mini_mirrors

Skill      XL: |  1  2  3 |
---------------+----------+-----
Maces & Flails | 3 |  3.6
Dodging        | 3 |  3.1
Fighting       | |  4.6

Action                     |  1- 3 |  4- 6 || total
---------------------------+-------+-------++-------
  Melee: Mace              |   110 |       ||   110
         Punch             |     2 |       ||     2
  Throw: Dart              |     2 |       ||     2
   Cast: Summon Small Mamm |     1 |       ||     1
 Invoke: Berserk           |     2 |       ||     2
    Use: Scroll            |     6 |       ||     6
         Potion            |     1 |     3 ||     4
 Armour: Animal skin       |    97 |     8 ||   105
  Dodge: Dodged            |    71 |     6 ||    77

Table legend: (Time is in decaauts)
 A = Elapsed time spent in this place.
 B = Non-inter-level travel time spent in this place.
 C = Inter-level travel time spent in this place.
 D = Time resting spent in this place.
 E = Time spent auto-exploring this place.
 F = Levels seen in this place.
 G = Mean time per level.
                   A        B        C        D        E       F      G
               +--------+--------+--------+--------+--------+-----+--------+
         Total |   1788 |   1289 |    499 |    274 |    705 |   3 |  596.0 |
       Dungeon |   1788 |   1289 |    499 |    274 |    705 |   3 |  596.0 |
               +--------+--------+--------+--------+--------+-----+--------+

Top non-repeatable levels by time:
     D:1: 926 daAuts
     D:2: 619 daAuts
     D:3: 242 daAuts
